 Dungeon Crawl Stone Soup version 0.29.1-13-g9f3cf754e1 (webtiles) character file.

Game seed: 8727878012183095328

3648519 Yolobob the Wrestler (level 27, 291/291 HPs)
             Began as a Troll Monk on Jan 29, 2023.
             Was the Champion of Jiyva.
             Escaped with the Orb
             ... and 5 runes on Jan 30, 2023!
             The game lasted 05:13:08 (58100 turns).

Yolobob the Wrestler (Troll Monk)                  Turns: 58100, Time: 05:13:08

Health: 291/291    AC: 38    Str: 39    XL:     27
Magic:  22/22      EV: 24    Int:  6    God:    Jiyva [******]
Gold:   1538       SH: 25    Dex: 21    Spells: 26/26 levels left

rFire   + . .      SeeInvis +     - Unarmed
rCold   . . .      Faith    .   g - +2 tower shield {reflect}
rNeg    + + .      Spirit   .   h - +7 shadow dragon scales
rPois   +          Reflect  +   O - +2 hat
rElec   +          Harm     .   W - +2 cloak of the Mind {rF+ rN+ Dex+3}
rCorr   +          Rampage  .   (gloves unavailable)
Will    +++..                   (boots unavailable)
Stlth   ++........              p - amulet of the acrobat
HPRegen 2.98/turn               R - ring of the Hare {EV+8}
MPRegen 0.68/turn               F - ring "Fitic" {rElec rPois rN+ Str+2 Dex+6}

@: studying Throwing
A: large, unfitting armour, claws 3, regeneration 1, shaggy fur 1, tough skin 1,
hooves 3, iridescent scales 1, strong-willed 1, eyeballs 3, tendrils, jelly
sensing items, jelly absorbing missiles, engulf
0: Orb of Zot
}: 5/15 runes: serpentine, barnacled, slimy, silver, abyssal
a: Renounce Religion, Oozemancy, Slimify


You escaped.
You worshipped Jiyva.
Jiyva was exalted by your worship.
You visited 11 branches of the dungeon, and saw 53 of its levels.
You visited the Abyss 1 time.
You also visited: Bailey, Wizlab and Desolation.

You collected 5898 gold pieces.
You spent 4360 gold pieces at shops.

Inventory:

Missiles
 c - 14 curare-tipped darts
 u - 9 throwing nets
 A - 4 boomerangs of dispersal
 G - 4 silver boomerangs
 L - 5 javelins
 S - 12 silver javelins
 U - 21 boomerangs
 Z - 105 large rocks (quivered)
Armour
 g - a +2 tower shield of reflection (worn)
 h - +7 shadow dragon scales (worn)
 t - +0 gold dragon scales
 O - a +2 hat (worn)
 W - the +2 cloak of the Mind (worn) {rF+ rN+ Dex+3}
   (You found it on level 3 of the Elven Halls)

   Dex:       It affects your dexterity (+3).
   rF:        It protects you from fire.
   rN:        It protects you from negative energy.
Jewellery
 b - a ring of flight
 m - the ring of the Empire {rElec EV+4 Int+5 Dex-3 SInv}
   (You found it on level 5 of the Pits of Slime)

   [ring of evasion]

   EV:        It affects your evasion (+4).
   Int:       It affects your intelligence (+5).
   Dex:       It affects your dexterity (-3).
   rElec:     It insulates you from electricity.
   SInv:      It lets you see invisible.
 p - an amulet of the acrobat (around neck)
 r - a ring of protection from cold
 D - a +6 ring of intelligence
 F - the ring "Fitic" (right claw) {rElec rPois rN+ Str+2 Dex+6}
   (You acquired it on level 1 of the Lair of Beasts)

   [ring of dexterity]

   Str:       It affects your strength (+2).
   Dex:       It affects your dexterity (+6).
   rElec:     It insulates you from electricity.
   rPois:     It protects you from poison.
   rN:        It protects you from negative energy.
 M - the ring of Pisuzaes {rF+ Will+ Slay+4}
   (You bought it in a shop on level 2 of the Orcish Mines)

   [ring of slaying]

   Slay:      It affects your accuracy & damage with ranged weapons and melee
   (+4).
   rF:        It protects you from fire.
   Will:      It increases your willpower.
 P - a ring of positive energy
 R - the ring of the Hare (left claw) {EV+8}
   (You found it on level 5 of the Pits of Slime)

   [ring of evasion]

   EV:        It affects your evasion (+8).
Wands
 i - a wand of digging (4)
 s - a wand of mindburst (41)
 v - a wand of flame (38)
 T - a wand of acid (24)
 Y - a wand of iceblast (23)
Scrolls
 d - 2 scrolls of summoning
 k - 7 scrolls of poison
 o - 7 scrolls of fear
 x - 5 scrolls of immolation
 y - 14 scrolls of teleportation
 z - 3 scrolls of blinking
 B - 4 scrolls of fog
 N - 4 scrolls of magic mapping
Potions
 a - a potion of ambrosia
 f - 9 potions of attraction
 j - 10 potions of heal wounds
 l - 17 potions of curing
 n - a potion of berserk rage
 w - 4 potions of invisibility
 C - 5 potions of haste
 E - 4 potions of magic
 H - 5 potions of mutation
 J - 5 potions of lignification
 K - 3 potions of might
 X - 4 potions of cancellation
Miscellaneous
 e - a lightning rod (4/4)
 q - a phial of floods
 I - a tin of tremorstones (2/2)
 Q - a phantom mirror
 V - a box of beasts


   Skills:
 - Level 20.0 Fighting
 + Level 14.4 Throwing
 - Level 21.0 Armour
 - Level 15.0 Dodging
 - Level 9.8 Stealth
 - Level 20.0 Shields
 + Level 22.6 Unarmed Combat
 - Level 8.0 Evocations


You had 26 spell levels left.
You didn't know any spells.
Your spell library contained the following spells:

 Spells                   Type           Power      Damage    Failure   Level
 Apportation              Tloc           0%         N/A       88%         1
 Beastly Appendage        Tmut           0%         N/A       88%         1
 Foxfire                  Conj/Fire      0%         2x1d4     88%         1
 Magic Dart               Conj           0%         1d3       88%         1
 Necrotise                Necr           0%         1d4       88%         1
 Sandblast                Erth           0%         2d4       88%         1
 Shock                    Conj/Air       0%         1d3       88%         1
 Sting                    Tmut/Pois      0%         1d3       88%         1
 Summon Small Mammal      Summ           0%         N/A       88%         1
 Blink                    Tloc           0%         N/A       95%         2
 Call Imp                 Summ           0%         N/A       95%         2
 Ensorcelled Hibernation  Hex/Ice        0%         N/A       95%         2
 Passwall                 Tmut/Erth      0%         N/A       95%         2
 Poisonous Vapours        Pois/Air       0%         N/A       95%         2
 Scorch                   Fire           0%         2d5       95%         2
 Searing Ray              Conj           0%         2d4       95%         2
 Static Discharge         Conj/Air       0%         3-3/arc   95%         2
 Sublimation of Blood     Necr           0%         N/A       95%         2
 Call Canine Familiar     Summ           0%         N/A       99%         3
 Confusing Touch          Hex            0%         N/A       99%         3
 Conjure Flame            Conj/Fire      0%         6-21      99%         3
 Dazzling Flash           Conj/Hex       0%         N/A       99%         3
 Frozen Ramparts          Ice            0%         1d1       99%         3
 Ignite Poison            Fire/Tmut/Pois 0%         N/A       99%         3
 Inner Flame              Hex/Fire       0%         N/A       99%         3
 Lesser Beckoning         Tloc           0%         N/A       99%         3
 Mephitic Cloud           Conj/Pois/Air  0%         N/A       99%         3
 Ozocubu's Armour         Ice            0%         N/A       99%         3
 Spider Form              Tmut/Pois      0%         N/A       99%         3
 Stone Arrow              Conj/Erth      0%         3d7       99%         3
 Summon Guardian Golem    Hex/Summ       0%         N/A       99%         3
 Swiftness                Air            0%         N/A       99%         3
 Vampiric Draining        Necr           0%         2d6       99%         3
 Airstrike                Air            0%         2d(0-16)  100%        4
 Anguish                  Hex/Necr       0%         N/A       100%        4
 Animate Armour           Summ/Erth      0%         N/A       100%        4
 Animate Dead             Necr           0%         N/A       100%        4
 Cause Fear               Hex            0%         N/A       100%        4
 Dispel Undead            Necr           0%         3d6       100%        4
 Flame Wave               Conj/Fire      0%         2d4       100%        4
 Ice Form                 Ice/Tmut       0%         N/A       100%        4
 Iskenderun's Mystic Bla  Conj/Tloc      0%         2d3       100%        4
 Olgreb's Toxic Radiance  Pois           0%         N/A       100%        4
 Petrify                  Tmut/Erth      0%         N/A       100%        4
 Sticky Flame             Conj/Fire      0%         2d3       100%        4
 Summon Ice Beast         Ice/Summ       0%         N/A       100%        4
 Agony                    Necr           0%         N/A       100%        5
 Blade Hands              Tmut           0%         N/A       100%        5
 Borgnjor's Vile Clutch   Necr/Erth      0%         N/A       100%        5
 Fireball                 Conj/Fire      0%         3d3       100%        5
 Freezing Cloud           Conj/Ice/Air   0%         6-21      100%        5
 Iskenderun's Battlesphe  Conj           0%         2d6       100%        5
 Manifold Assault         Tloc           0%         N/A       100%        5
 Summon Forest            Summ/Tloc      0%         N/A       100%        5
 Yara's Violent Unravell  Hex/Tmut       0%         3d3       100%        5
 Conjure Ball Lightning   Conj/Air       0%         3x3d6     100%        6
 Death Channel            Necr           0%         N/A       100%        6
 Iron Shot                Conj/Erth      0%         9d1       100%        6
 Starburst                Conj/Fire      0%         6d3       100%        6
 Summon Cactus Giant      Summ           0%         N/A       100%        6
 Dragon Form              Tmut           0%         N/A       100%        7
 Enfeeble                 Hex            0%         N/A       100%        7
 Malign Gateway           Summ/Tloc      0%         N/A       100%        7
 Monstrous Menagerie      Summ           0%         N/A       100%        7
 Orb of Destruction       Conj           0%         9d5       100%        7
 Ozocubu's Refrigeration  Ice            0%         4d7       100%        7
 Spellforged Servitor     Conj/Summ      0%         N/A       100%        7
 Summon Hydra             Summ           0%         N/A       100%        7
 Discord                  Hex            0%         N/A       100%        8
 Maxwell's Capacitive Co  Air            0%         ∞         100%        8
 Chain Lightning          Conj/Air       0%         N/A       100%        9
 Death's Door             Necr           0%         N/A       100%        9
 Dragon's Call            Summ           0%         N/A       100%        9
 Fire Storm               Conj/Fire      0%         5d1       100%        9
 Shatter                  Erth           0%         3d5*      100%        9


Dungeon Overview and Level Annotations

Branches:
Dungeon (15/15)            Temple (1/1) D:4            Lair (5/5) D:10
 Shoals (4/4) Lair:3        Snake (4/4) Lair:2        Slime (5/5) Lair:4
    Orc (2/2) D:10            Elf (3/3) Orc:2        Vaults (5/5) D:13
  Crypt (0/3) Vaults:2     Depths (4/4) D:15            Zot (5/5) Depths:4
 Bailey (visited)          WizLab (visited)         Desolation (visited)

Altars:
Ashenzari
Cheibriados
Dithmenos
Elyvilon
Fedhas
Gozag
Hepliaklqana
Kikubaaqudgha
Makhleb
Okawaru
Ru
Sif Muna
Trog
Uskayaw
Vehumet
Wu Jian
Xom
Zin
The Shining One
Jiyva
Lugonu

Shops:
D:12 ?   D:14 (   Orc:2 =[?[   Elf:1 [:   Elf:3 [   Shoals:3 !   Snake:1 *[!:
Snake:4 :=:   Vaults:1 [   Vaults:3 [   Vaults:4 !   Depths:3 :

Portals:
Hell: Depths:1 Depths:2 Depths:3 Depths:4
Abyss: Depths:2 Depths:3 Depths:4
Pandemonium: Depths:2
Ziggurat: Depths:4

Annotations:
Shoals:2 2 transporters, exclusion: orange crystal statue
Slime:5 Royal Jelly


Innate Abilities, Weirdness & Mutations

You are too large for most types of armour.
You have claws for hands.
Your natural rate of healing is unusually fast.
You are covered in fur. (AC +1)
You have tough skin. (AC +1)
You have hooves in place of feet.
You are partially covered in iridescent scales. (AC +2)
You are strong-willed. (Will+)
Your body is covered in eyes which may confuse attackers. (Acc +7, SInv)
You are covered in slimy tendrils that may disarm your opponents.
You have a small jelly attached to you that senses nearby items.
You have a small jelly attached to you that may absorb projectiles.
Your melee attacks may engulf your foes in ooze.


Message History

You kill the Orb Guardian!
No target in view!
Z - 105 large rocks (gained 2)
You hear a distant slurping noise.
You start resting.
A ynoxinul comes into view.
You hear a distant slurping noise.
You block the ynoxinul's attack.
You closely miss the ynoxinul. You kick the ynoxinul.
The ynoxinul is lightly wounded.
You hear a slurping noise.
You eviscerate the ynoxinul!!!
You kill the ynoxinul!
No target in view!
Really walk into that teleport trap? [Y]es or [N]o only, please.
Really walk into that teleport trap?
Okay, then.
Unknown command.
You start resting.
HP restored.
There is an open door here.
You start waiting.
A blizzard demon comes into view.
The blizzard demon shouts!
The blizzard demon gestures at you. The bolt of lightning misses you.
The blizzard demon gestures at you.
The bolt of cold hits the jelly!!
The jelly dies!
You start waiting.
A blizzard demon is nearby!
There is an open door here.
The teleport trap disappears.
The blizzard demon disappears!
You start waiting.
A neqoxec comes into view.
You hear a distant slurping noise.
The neqoxec moves out of view.
There is a staircase leading out of the dungeon here.
You have escaped!

♣..............♣##
♣..♣♣♣#'''#♣♣♣....
♣.♣♣###...###♣♣...
♣♣♣ #...3..3# ♣♣♣.
####..8.8..####♣♣
###..#.......#..###
#....'.8...8.#....#
#....#...⌠...#....#
#.@..#.8...8.'..⌠.#
#....#...8...#....#
###################


You could see a neqoxec.

Vanquished Creatures
  5 dread liches
  2 ancient liches
  4 orbs of fire
  2 juggernauts (Depths:4)
  A royal mummy (Depths:3)
  Margery (Depths:3)
  Bai Suzhen (Vaults:5)
  3 curse toes
  5 Killer Klowns
  Saint Roka (Depths:4)
  Vashnia (Snake:2)
  Xtahua (Vaults:2)
  9 golden dragons
  Nikola (Shoals:3)
  A bone dragon (Abyss:2)
  3 Brimstone Fiends
  2 electric golems (Zot:5)
  3 Ice Fiends
  13 tentacled monstrosities
  Jorgrun (Elf:1)
  3 liches
  Mlioglotl (Lair:3)
  29 Orb Guardians
  3 titans
  Asterion (Depths:1)
  2 deep elf blademasters (Elf:3)
  3 quicksilver dragons
  A moon troll (WizLab)
  3 pandemonium lords
  2 deep elf master archers (Elf:3)
  11 tentacled starspawn
  10 death cobs
  Kirke (Elf:1)
  3 krakens
  Polyphemus (Shoals:2)
  An eldritch tentacle (Zot:5)
  2 sphinxes
  3 Executioners (D:3)
  10 shadow dragons
  4 tengu reavers
  13 storm dragons
  3 draconian monks
  A daeva (Abyss:1)
  The ghost of nightchill the Severer, a journeyman MiFi of Zin (Elf:1)
  3 nagarajas
  12 frost giants
  9 deep elf sorcerers
  6 draconian scorchers
  6 draconian knights
  2 iron dragons
  Ilsuiw (Shoals:4)
  The ghost of t4s4d4r the Alchemist, an adept FeSu of Gozag (Vaults:2)
  6 fire giants
  3 spectral juggernauts (Depths:3)
  2 imperial myrmidons (Desolation)
  15 draconian annihilators
  16 vault wardens
  6 draconian shifters
  4 deep elf elementalists (Elf:3)
  4 ghost moths
  3 cacodemons
  5 draconian stormcallers
  2 reapers
  20 very ugly things
  2 orc warlords
  4 spriggan defenders
  An angel (Abyss:2)
  10 war gargoyles
  8 ironbound thunderhulks
  21 stone giants
  11 black draconians
  18 ironbound preservers
  3 vampire knights
  2 eleionomae (Shoals:3)
  3 deep elf demonologists
  A halazid warlock (Desolation)
  23 dire elephants
  8 green draconians
  2 lorocyprocas
  11 red draconians
  8 spark wasps
  14 yellow draconians
  5 deep elf annihilators
  11 purple draconians
  An eidolon (Abyss:1)
  7 white draconians
  6 deep elf death magi
  14 yaktaur captains
  6 crystal guardians
  6 ragged hierophants (Desolation)
  10 fire dragons
  4 mummy priests (Depths:3)
  2 blizzard demons
  2 green deaths
  12 merfolk impalers
  8 merfolk javelineers
  2 spectral golden dragons (Depths:3)
  Josephine (D:11)
  A quicksilver dragon zombie (Depths:1)
  32 vault guards
  10 ettins
  11 deep elf high priests
  A rakshasa (D:10)
  5 ice dragons
  Harold (D:9)
  5 ogre magi
  15 servants of whispers
  3 boulder beetles
  3 salamander tyrants
  2 spectral sphinxes (Depths:3)
  12 peacekeepers
  18 centaur warriors
  4 merfolk aquamancers
  3 spriggan air magi
  A hell beast (D:4)
  A spectral shadow dragon (Depths:3)
  A catoblepas (Shoals:1)
  5 hydras
  13 anacondas
  A death knight (Vaults:2)
  2 merfolk avatars
  28 dancing weapons
  9 deep troll shamans
  Erica (D:8)
  6 ironbound frosthearts
  3 alligator snapping turtles
  10 two-headed ogres
  10 death yaks
  11 naga warriors
  4 satyrs
  2 spectral storm dragons (Depths:3)
  10 tengu warriors
  An orc high priest (Orc:2)
  12 deep troll earth magi
  2 vampire magi (Vaults:2)
  10 thrashing horrors
  A spriggan berserker (Depths:1)
  11 shock serpents
  18 deep elf knights
  23 naga sharpshooters
  2 sun demons
  11 hell knights
  7 salamander mystics
  12 iron trolls
  4 sixfirhies
  A spark wasp zombie (Depths:1)
  2 wretched stars
  A spriggan rider (Depths:2)
  A spatial maelstrom (Abyss:3)
  A death drake (Abyss:2)
  An orange crystal statue (WizLab)
  2 spectral iron dragons (Depths:3)
  2 spectral spark wasps (Depths:3)
  A shadow demon (D:4)
  A swamp dragon (Abyss:3)
  80 deep trolls
  15 sea snakes
  9 deep elf archers
  A goliath frog (Lair:5)
  8 wizards
  A flayed ghost (Vaults:4)
  20 ironbound convokers
  Pikel (D:4)
  29 deep elf zephyrmancers
  7 lindwurms
  6 orc knights
  An obsidian statue (Depths:3)
  5 naga ritualists
  30 harpies
  43 deep elf pyromancers
  6 necromancers
  3 phantasmal warriors
  A tengu skeleton (Depths:1)
  An oklob plant (Lair:3)
  32 ugly things
  15 mana vipers
  4 worldbinders
  11 fauns
  5 orc sorcerers
  23 salamanders
  7 cyclopes
  8 manticores
  42 moths of wrath
  2 apocalypse crabs
  26 elephants
  3 rust devils
  7 merfolk sirens
  11 guardian serpents
  18 vault sentinels
  34 black mambas
  3 smoke demons
  12 naga magi
  An orange demon (Depths:2)
  24 cane toads
  9 water nymphs
  Joseph (D:9)
  A molten gargoyle (Desolation)
  5 efreet
  An unseen horror (D:12)
  3 freezing wraiths
  2 rime drakes
  A kobold demonologist (D:12)
  3 hellions
  2 spectral glowing shapeshifters (Depths:3)
  27 yaktaurs
  4 ice devils
  9 komodo dragons
  2 tormentors
  5 ancient zymes
  2 red devils
  5 tengu conjurers
  2 hellwings
  21 merfolk
  6 trolls
  6 guardian mummies (Depths:3)
  3 polar bears
  5 hornets
  Grinder (D:4)
  17 large abominations
  4 tyrant leeches (Lair:5)
  11 wind drakes
  13 raiju
  12 snapping turtles
  55 saltlings
  9 blink frogs
  A shadow (Abyss:1)
  A centaur simulacrum (D:14)
  An ettin skeleton (Depths:1)
  6 flying skulls (Abyss:2)
  2 vampires
  3 ynoxinuls
  41 starcursed masses
  7 wyverns
  Eustachio (D:4)
  4 spriggans
  7 water elementals
  An air elemental (Elf:1)
  8 fire elementals
  52 yaks
  6 basilisks
  8 wraiths
  2 redbacks (shapeshifter)
  5 neqoxecs
  A redback (Vaults:5)
  A steam dragon (D:8)
  A black mamba skeleton (Abyss:3)
  A chaos spawn (Abyss:1)
  4 wargs
  24 vampire mosquitoes
  Edmund (D:4)
  49 nagas
  An acid dragon (D:9)
  14 water moccasins
  6 hell hounds
  45 orc warriors
  An ice beast (D:6)
  4 black bears
  2 sky beasts (D:8)
  11 wolves
  3 boggarts (Vaults:3)
  5 ogres
  23 centaurs
  2 lemures
  3 kobold brigands
  19 bullfrogs
  A necrophage (D:4)
  2 gnoll sergeants
  A naga simulacrum (Abyss:2)
  8 small abominations
  A scorpion (D:7)
  An earth elemental (Elf:1)
  9 wights
  A jelly (Vaults:4)
  11 killer bees
  2 electric eels (Lair:3)
  7 howler monkeys
  A crimson imp (Abyss:1)
  A quasit (Abyss:1)
  21 orc priests
  A hound (D:5)
  An iron imp (Abyss:1)
  2 iguanas
  30 orc wizards
  5 hell rats (Lair:3)
  Robin (D:3)
  14 gnolls
  3 adders
  6 white imps
  An ufetubus (Abyss:2)
  A worm (D:2)
  2 dart slugs
  97 orcs
  9 ball pythons
  2 endoplasms
  4 giant cockroaches
  27 goblins
  12 hobgoblins
  A quokka (D:5)
  3 bats
  3 frilled lizards
  14 kobolds
  5 rats
  3 starspawn tentacles
  16 tentacles
2425 creatures vanquished.

Vanquished Creatures (collateral kills)
  2 Killer Klowns (Zot:5)
  2 Orb Guardians (Zot:5)
  A tentacled starspawn (Abyss:3)
  An orc warlord (Orc:1)
  A hydra (Lair:2)
  An orc sorcerer (Orc:2)
  A worldbinder (Abyss:3)
  An elephant (Lair:2)
  A guardian mummy (Depths:3)
  A small abomination (D:4)
  An orc warrior (Orc:1)
  A quasit (Abyss:3)
14 creatures vanquished.

Vanquished Creatures (others)
  An Orb Guardian (Zot:5)
  An azure jelly (D:13)
  A fire giant (Depths:1)
  8 great orbs of eyes
  A purple draconian (Zot:4)
  The ghost of Colokkon the Slicer, a journeyman DsBr of Gozag (D:13)
  A thrashing horror (Abyss:2)
  2 glowing orange brains (WizLab)
  A shining eye (shapeshifter) (Depths:4)
  A harpy (Shoals:3)
  A cyclops (shapeshifter) (D:12)
  A manticore (Shoals:2)
  A black mamba (Snake:1)
  4 eyes of devastation (WizLab)
  An eye of devastation (shapeshifter) (Vaults:5)
  A guardian serpent (shapeshifter) (Depths:4)
  A merfolk (Shoals:2)
  A floating eye (Depths:1)
  An ancient zyme (Abyss:2)
  A blink frog (Lair:3)
  17 slime creatures
  14 golden eyes
  A golden eye (shapeshifter) (Vaults:5)
  2 neqoxecs (WizLab)
  A vampire mosquito (D:15)
  A naga (Snake:1)
  A floating eye (shapeshifter) (Vaults:5)
  2 wolves (Lair:3)
  3 centaurs
  A small abomination (Abyss:2)
  An earth elemental (Abyss:2)
  2 orc priests (Orc:2)
  279 jellies
  3 orc wizards (Orc:2)
  5 orcs
  A ball python (D:4)
  9 demonic plants (WizLab)
  151 fungi
  A lurking horror (Abyss:3)
  364 plants
  29 starspawn tentacles
  34 tentacles
  14 withered plants
967 creatures vanquished.

Grand Total: 3406 creatures vanquished

Notes
Turn   | Place    | Note
-------+----------+-------------------------------------------
     0 | D:1      | Yolobob the Troll Monk began the quest for the Orb.
     0 | D:1      | Reached XP level 1. HP: 22/22 MP: 0/0
   159 | D:1      | Found a faded altar of an unknown god.
   422 | D:1      | Reached XP level 2. HP: 29/29 MP: 1/1
  1115 | D:2      | Reached XP level 3. HP: 37/37 MP: 2/2
  1612 | D:3      | Reached skill level 4 in Unarmed Combat
  1757 | D:3      | Noticed Robin
  1761 | D:3      | Reached XP level 4. HP: 45/45 MP: 3/3
  1782 | D:3      | Killed Robin
  1954 | D:3      | Found a blossoming altar of Fedhas.
  2321 | D:3      | Found a shimmering altar of Xom.
  2425 | D:4      | Noticed Eustachio
  2460 | D:4      | Found a staircase to the Ecumenical Temple.
  2468 | Temple   | Entered the Ecumenical Temple
  2474 | D:4      | Noticed an orc warrior
  2499 | D:4      | HP: 2/45 [orc/+0 club (3)]
  2509 | D:3      | HP: 1/45 [orc warrior/+0 short sword (4)]
  2511 | D:3      | Killed an orc warrior
  2512 | D:3      | Reached XP level 5. HP: 3/54 MP: 0/4
  2596 | D:4      | Noticed a lemure
  2596 | D:4      | Noticed a lemure
  2623 | D:3      | Killed a lemure
  2636 | D:4      | Killed a lemure
  2739 | D:4      | Reached skill level 5 in Unarmed Combat
  2739 | D:4      | Reached XP level 6. HP: 59/62 MP: 5/5
  2798 | D:4      | Noticed Edmund
  2832 | D:5      | Entered Level 5 of the Dungeon
  2853 | D:5      | You are sucked into a shaft and drop 2 floors!
  2930 | D:7      | Noticed a wyvern
  2992 | D:6      | Noticed a water moccasin
  3000 | D:6      | Killed a water moccasin
  3321 | D:5      | Reached skill level 6 in Unarmed Combat
  3516 | D:5      | Reached skill level 5 in Fighting
  3516 | D:5      | Reached XP level 7. HP: 69/72 MP: 4/6
  3700 | D:5      | Found the +7 lajatang of Order {silver, rMut}
  4068 | D:6      | Found a bloodstained altar of Trog.
  4357 | D:6      | Reached skill level 7 in Unarmed Combat
  4666 | D:6      | Reached XP level 8. HP: 9/78 MP: 0/7
  4994 | D:7      | Reached skill level 8 in Unarmed Combat
  5393 | D:8      | Found a snail-covered altar of Cheibriados.
  5410 | D:8      | Reached XP level 9. HP: 82/93 MP: 5/8
  5416 | D:8      | Paralysed by a hornet for 1 turns
  5420 | D:8      | Reached skill level 9 in Unarmed Combat
  5546 | D:8      | Noticed Erica
  5560 | D:8      | Killed Erica
  5597 | D:8      | Reached skill level 10 in Unarmed Combat
  5674 | D:8      | Found a flagged portal.
  5705 | Bailey   | Entered a bailey
  6148 | Bailey   | Reached XP level 10. HP: 79/107 MP: 6/9
  6183 | Bailey   | Identified the +0 gold dragon scales "Xostrufueq" {Harm
                  | rPois rF+ rC+ rN+ Regen+}
  6405 | D:8      | Reached skill level 1 in Shields
  6477 | D:8      | Noticed a two-headed ogre
  6502 | D:8      | Killed a two-headed ogre
  7119 | D:9      | Noticed Joseph
  7136 | D:9      | Killed Joseph
  7140 | D:9      | Reached skill level 10 in Fighting
  7273 | D:9      | Noticed a deep elf pyromancer
  7306 | D:9      | Killed a deep elf pyromancer
  7307 | D:9      | Reached skill level 1 in Evocations
  7369 | D:9      | Noticed Harold
  7492 | D:9      | Reached skill level 5 in Shields
  7618 | D:9      | Reached XP level 11. HP: 65/117 MP: 5/10
  7759 | D:9      | Found a burning altar of Makhleb.
  8161 | D:10     | Entered Level 10 of the Dungeon
  8523 | D:10     | Found a glowing silver altar of Zin.
  8524 | D:10     | Found a hide-covered altar of Uskayaw.
  8529 | D:10     | Found an opulent altar of Gozag.
  8663 | D:10     | Found a staircase to the Lair.
  8693 | D:10     | Found a staircase to the Orcish Mines.
  9223 | Lair:1   | Entered Level 1 of the Lair of Beasts
  9338 | Lair:2   | Noticed a five-headed hydra
  9367 | Lair:1   | Reached skill level 5 in Evocations
  9744 | Lair:3   | Noticed an oklob plant
  9982 | Lair:5   | Entered Level 5 of the Lair of Beasts
 10044 | Lair:4   | Reached XP level 12. HP: 126/126 MP: 11/11
 10096 | Lair:4   | Reached skill level 5 in Dodging
 10654 | Lair:4   | Found a staircase to the Slime Pits.
 10655 | Lair:4   | Found a viscous altar of Jiyva.
 10684 | Lair:4   | Became a worshipper of Jiyva Jereh the Shapeless
 10684 | Lair:4   | Reached * piety under Jiyva
 10684 | Lair:4   | Reached ** piety under Jiyva
 10756 | Lair:4   | Reached skill level 10 in Shields
 11086 | Lair:3   | Got Vehumet's Essays on Unified Conjuring
 11159 | Lair:2   | Noticed a death yak
 11161 | Lair:2   | Killed a five-headed hydra
 11166 | Lair:2   | Noticed a death yak
 11169 | Lair:2   | Noticed a death yak
 11171 | Lair:2   | Noticed a death yak
 11172 | Lair:2   | Noticed a death yak
 11175 | Lair:2   | Noticed a death yak
 11189 | Lair:3   | Killed a death yak
 11246 | Lair:3   | Killed a death yak
 11255 | Lair:3   | Killed a death yak
 11509 | Lair:3   | Reached *** piety under Jiyva
 11543 | Lair:3   | Reached skill level 1 in Armour
 11654 | Lair:3   | Found a staircase to the Shoals.
 11714 | Lair:3   | Gained mutation: Armour fits poorly on your pseudopods.
                  | [Jiyva's grace]
 11714 | Lair:3   | Gained mutation: Armour fits poorly on your large
                  | pseudopods. [Jiyva's grace]
 11714 | Lair:3   | Gained mutation: Armour fits poorly on your massive
                  | pseudopods. [Jiyva's grace]
 11714 | Lair:3   | Gained mutation: You are covered in thick fur. (AC +2)
                  | [Jiyva's grace]
 11727 | Lair:3   | Identified the +8 falchion "Xiquiczi" {antimagic, Will+
                  | Int+2}
 12100 | Lair:2   | Found a staircase to the Snake Pit.
 12105 | Lair:2   | Reached XP level 13. HP: 107/137 MP: 8/12
 12285 | Lair:2   | Noticed a dire elephant
 12522 | Lair:1   | Reached **** piety under Jiyva
 12561 | Lair:1   | Identified a scroll of acquirement
 12561 | Lair:1   | Acquired the ring "Fitic" {rElec rPois rN+ Str+2 Dex+6}
 13197 | Lair:2   | Reached skill level 5 in Armour
 13492 | Lair:2   | Killed a dire elephant
 14324 | Lair:5   | Gained mutation: You are partially covered in iridescent
                  | scales. (AC +2) [Jiyva's grace]
 14324 | Lair:5   | Gained mutation: You are mostly covered in iridescent
                  | scales. (AC +4) [Jiyva's grace]
 14324 | Lair:5   | Gained mutation: You are completely covered in iridescent
                  | scales. (AC +6) [Jiyva's grace]
 14324 | Lair:5   | Gained mutation: You are robust. (+10% HP) [Jiyva's grace]
 14327 | Lair:5   | Reached ***** piety under Jiyva
 14355 | Lair:5   | Identified the +1 scale mail of Intuition {rC+ Dex+5}
 14535 | Lair:5   | Reached XP level 14. HP: 163/163 MP: 13/13
 15514 | D:11     | Noticed Josephine
 15541 | D:11     | Killed Josephine
 15610 | D:11     | Reached skill level 11 in Unarmed Combat
 16208 | D:12     | Gained mutation: Your melee attacks may engulf your foes in
                  | ooze. [Jiyva's grace]
 16208 | D:12     | Gained mutation: You have supernaturally acute eyesight.
                  | (SInv) [Jiyva's grace]
 16208 | D:12     | Gained mutation: You are very robust. (+20% HP) [Jiyva's
                  | grace]
 16208 | D:12     | Gained mutation: You are extremely robust. (+30% HP)
                  | [Jiyva's grace]
 16220 | D:12     | Reached ****** piety under Jiyva
 16496 | Slime:1  | Entered Level 1 of the Pits of Slime
 16496 | Slime:1  | Noticed a quicksilver ooze
 16500 | Slime:1  | Noticed an acid blob
 16511 | Slime:1  | Noticed an azure jelly
 16515 | Slime:1  | Noticed an acid blob
 16600 | Slime:1  | Noticed a rockslime
 16778 | Slime:2  | Noticed a quicksilver ooze
 16817 | Slime:2  | Noticed a rockslime
 17065 | Slime:2  | Noticed an acid blob
 17181 | Slime:3  | Noticed a quicksilver ooze
 17285 | Slime:3  | Found a viscous altar of Jiyva.
 17292 | Slime:3  | Noticed an azure jelly
 17301 | Slime:3  | Noticed a quicksilver ooze
 17408 | Slime:3  | Noticed an acid blob
 17458 | Slime:3  | Noticed an acid blob
 17459 | Slime:3  | Noticed a quicksilver ooze
 17550 | Slime:4  | Noticed an acid blob
 17741 | Slime:4  | Noticed an acid blob
 17762 | Slime:4  | Noticed a quicksilver ooze
 18008 | Slime:5  | Entered Level 5 of the Pits of Slime
 18027 | Slime:5  | Found a viscous altar of Jiyva.
 18027 | Slime:5  | Noticed a quicksilver ooze
 18027 | Slime:5  | Noticed an acid blob
 18028 | Slime:5  | Noticed an acid blob
 18028 | Slime:5  | Noticed an acid blob
 18029 | Slime:5  | Noticed an azure jelly
 18030 | Slime:5  | Noticed a rockslime
 18030 | Slime:5  | Noticed the Royal Jelly
 18033 | Slime:5  | Found the macabre finger necklace {rN+}
 18034 | Slime:5  | Found the ring of the Hare {EV+8}
 18034 | Slime:5  | Noticed a rockslime
 18039 | Slime:5  | Noticed an azure jelly
 18046 | Slime:5  | Got the Quarto of the Oath and Mortification
 18056 | Slime:5  | Got a slimy rune of Zot
 18057 | Slime:5  | Identified the +0 plate armour of Wotsamoc {Harm}
 18060 | Slime:5  | Identified the +10 halberd of Xelecs Loutt {spect, rPois
                  | Str+4 Int+2}
 18076 | Slime:5  | Identified the ring of the Empire {rElec EV+4 Int+5 Dex-3
                  | SInv}
 18083 | Slime:5  | Identified the +8 flail of the Destroying Penguin {holy,
                  | rCorr Str-2 Dex+8}
 18178 | Slime:5  | Identified the +2 leather armour of the Sky {rF++ rCorr
                  | Dex-2 SInv}
 18191 | Slime:5  | Noticed an acid blob
 18269 | Slime:5  | Noticed an acid blob
 18323 | Slime:5  | Noticed an acid blob
 18358 | Slime:5  | Noticed a rockslime
 18383 | Slime:5  | Noticed an acid blob
 18387 | Slime:5  | Noticed an acid blob
 18644 | D:12     | Found Baclipiw's Magic Scroll Emporium.
 19227 | D:13     | Killed Colokkon's ghost
 19425 | D:13     | Found a gate to the Vaults.
 19432 | D:13     | Reached skill level 12 in Unarmed Combat
 19525 | D:13     | Found a runed translucent gate.
 19525 | D:13     | Found a runed translucent gate.
 19526 | D:13     | Noticed an acid blob
 19527 | D:13     | Noticed an azure jelly
 19527 | D:13     | Noticed a quicksilver ooze
 19527 | D:13     | Noticed an azure jelly
 19528 | D:13     | Found a runed translucent gate.
 19528 | D:13     | Noticed an azure jelly
 19528 | D:13     | Noticed an acid blob
 19528 | D:13     | Noticed an azure jelly
 19531 | D:13     | Noticed a quicksilver ooze
 19534 | D:13     | Noticed an acid blob
 19534 | D:13     | Noticed an azure jelly
 19535 | D:13     | Noticed an azure jelly
 19536 | D:13     | Found a viscous altar of Jiyva.
 19573 | D:13     | Found a runed translucent door.
 19574 | D:13     | Noticed a frost giant
 19594 | D:13     | Killed a frost giant
 19594 | D:13     | Killed an azure jelly
 19784 | D:14     | Found a broken altar of Ashenzari.
 20031 | D:14     | Found a shimmering blue altar of Sif Muna.
 20203 | D:14     | Found Ceni's Antique Weapon Emporium.
 20423 | D:14     | Lost mutation: You are completely covered in iridescent
                  | scales. (AC +6) [Jiyva's grace]
 20423 | D:14     | Lost mutation: You have supernaturally acute eyesight.
                  | (SInv) [Jiyva's grace]
 20423 | D:14     | Lost mutation: You are extremely robust. (+30% HP) [Jiyva's
                  | grace]
 20423 | D:14     | Lost mutation: You are very robust. (+20% HP) [Jiyva's
                  | grace]
 20423 | D:14     | Lost mutation: You are covered in thick fur. (AC +2)
                  | [Jiyva's grace]
 20423 | D:14     | Lost mutation: Your melee attacks may engulf your foes in
                  | ooze. [Jiyva's grace]
 20423 | D:14     | Gained mutation: Your flesh is cold resistant. (rC+)
                  | [Jiyva's grace]
 20423 | D:14     | Gained mutation: Your flesh is very cold resistant. (rC++)
                  | [Jiyva's grace]
 20423 | D:14     | Gained mutation: Your flesh is almost immune to the effects
                  | of cold. (rC+++) [Jiyva's grace]
 20423 | D:14     | Gained mutation: You expend magic power (3 MP) to
                  | strengthen your wands. [Jiyva's grace]
 20505 | D:15     | Entered Level 15 of the Dungeon
 20694 | D:15     | Reached XP level 15. HP: 126/178 MP: 9/14
 20728 | D:15     | Reached skill level 13 in Unarmed Combat
 20917 | D:15     | Found an ornate altar of the Wu Jian Council.
 20994 | D:15     | Found a staircase to the Depths.
 21295 | Orc:1    | Entered Level 1 of the Orcish Mines
 21388 | Orc:2    | Entered Level 2 of the Orcish Mines
 21388 | Orc:2    | Found a staircase to the Elven Halls.
 21436 | Orc:2    | Found a burning altar of Makhleb.
 21687 | Orc:2    | Found Icwuank's Magic Scroll Shoppe.
 21687 | Orc:2    | Found Mamikh's Jewellery Emporium.
 21688 | Orc:2    | Found Efycke Jeho's Armour Emporium.
 21692 | Orc:2    | Found Geimaez's Antique Armour Shoppe.
 22286 | Orc:1    | Noticed an orc warlord
 22317 | Orc:1    | Noticed an orc warlord
 22384 | Orc:2    | Bought the ring of Pisuzaes {rF+ Will+ Slay+4} for 1171
                  | gold pieces
 22424 | Orc:1    | Killed an orc warlord
 22426 | Orc:1    | Killed an orc warlord
 22427 | Orc:1    | Reached skill level 14 in Unarmed Combat
 22652 | Snake:1  | Entered Level 1 of the Snake Pit
 22843 | Snake:1  | Reached skill level 15 in Fighting
 22884 | Snake:1  | Lost mutation: You are mostly covered in iridescent scales.
                  | (AC +4) [Jiyva's grace]
 22884 | Snake:1  | Lost mutation: Your flesh is almost immune to the effects
                  | of cold. (rC+++) [Jiyva's grace]
 22884 | Snake:1  | Lost mutation: Your flesh is very cold resistant. (rC++)
                  | [Jiyva's grace]
 22884 | Snake:1  | Lost mutation: Armour fits poorly on your massive
                  | pseudopods. [Jiyva's grace]
 22884 | Snake:1  | Lost mutation: You expend magic power (3 MP) to strengthen
                  | your wands. [Jiyva's grace]
 22884 | Snake:1  | Gained mutation: You are strong-willed. (Will+) [Jiyva's
                  | grace]
 22884 | Snake:1  | Gained mutation: You are highly strong-willed. (Will++)
                  | [Jiyva's grace]
 22884 | Snake:1  | Gained mutation: You are extremely strong-willed. (Will+++)
                  | [Jiyva's grace]
 22884 | Snake:1  | Gained mutation: You are covered in thick fur. (AC +2)
                  | [Jiyva's grace]
 22937 | Snake:1  | Reached skill level 15 in Unarmed Combat
 23137 | Snake:1  | Found Moraluer's Distillery.
 23137 | Snake:1  | Found Yrphutagh's Armour Boutique.
 23139 | Snake:1  | Found Wamahug's Book Shop.
 23141 | Snake:1  | Found Qaiss's General Store.
 23531 | D:4      | Killed Eustachio
 23644 | D:4      | Noticed Grinder
 23654 | D:4      | Killed Grinder
 23686 | D:4      | Found a broken altar of Ashenzari.
 23744 | D:4      | Found a glowing golden altar of the Shining One.
 23819 | D:4      | Noticed Pikel
 23831 | D:4      | Killed Pikel
 23918 | D:4      | Killed Edmund
 24030 | D:9      | Killed Harold
 24031 | D:9      | Reached XP level 16. HP: 193/193 MP: 15/15
 24997 | Snake:3  | Noticed Vashnia
 25039 | Snake:2  | Killed Vashnia
 25275 | Snake:3  | Reached skill level 10 in Dodging
 25791 | Snake:4  | Entered Level 4 of the Snake Pit
 25841 | Snake:4  | Lost mutation: You are partially covered in iridescent
                  | scales. (AC +2) [Jiyva's grace]
 25841 | Snake:4  | Lost mutation: You are covered in thick fur. (AC +2)
                  | [Jiyva's grace]
 25841 | Snake:4  | Gained mutation: You have a pair of small horns on your
                  | head. [Jiyva's grace]
 25841 | Snake:4  | Gained mutation: You have a pair of horns on your head.
                  | [Jiyva's grace]
 25841 | Snake:4  | Gained mutation: You have a pair of large horns on your
                  | head. [Jiyva's grace]
 25841 | Snake:4  | Gained mutation: You are covered in slimy tendrils that may
                  | disarm your opponents. [Jiyva's grace]
 26014 | Snake:4  | Reached skill level 1 in Throwing
 26474 | Snake:4  | Found Kaopp's Book Boutique.
 26474 | Snake:4  | Found Ryaf's Jewellery Shoppe.
 26475 | Snake:4  | Found Rireusul's Book Boutique.
 26553 | Snake:4  | Reached XP level 17. HP: 94/202 MP: 6/16
 27345 | Snake:4  | Reached skill level 5 in Throwing
 27454 | Snake:4  | Got a serpentine rune of Zot
 27484 | Snake:4  | Acquired the amulet of Wisdom {Reflect Dex+5 SH+5}
 27744 | Shoals:1 | Entered Level 1 of the Shoals
 27882 | Shoals:1 | Noticed a kraken
 27938 | Shoals:1 | Killed a kraken
 27970 | Shoals:1 | Noticed Mlioglotl
 27997 | Lair:3   | Killed Mlioglotl
 28155 | Shoals:1 | Noticed a kraken
 28794 | Shoals:2 | Lost mutation: Your flesh is cold resistant. (rC+) [Jiyva's
                  | grace]
 28794 | Shoals:2 | Lost mutation: You are extremely strong-willed. (Will+++)
                  | [Jiyva's grace]
 28794 | Shoals:2 | Gained mutation: You have sharp toenails. [Jiyva's grace]
 28794 | Shoals:2 | Gained mutation: You have razor-sharp toenails. [Jiyva's
                  | grace]
 28794 | Shoals:2 | Gained mutation: You have claws for feet. [Jiyva's grace]
 28794 | Shoals:2 | Gained mutation: You are agile. (Dex +4, Str/Int -1)
                  | [Jiyva's grace]
 28934 | Shoals:2 | Noticed Polyphemus
 28999 | Shoals:2 | Killed Polyphemus
 29115 | Shoals:2 | Noticed a kraken
 29134 | Shoals:2 | Killed a kraken
 29135 | Shoals:2 | Reached XP level 18. HP: 188/212 MP: 17/17
 29153 | Shoals:2 | Found a transporter.
 29157 | Shoals:2 | Identified the amulet of Halechug {Reflect Fly Will+ rCorr
                  | SH+5}
 29167 | Shoals:2 | Found a transporter.
 29399 | Shoals:3 | Noticed Nikola
 29409 | Shoals:3 | Killed Nikola
 29724 | Shoals:3 | Found Lyttast's Distillery.
 30082 | Shoals:3 | Identified the +6 longbow of the Middle {venom, rPois rF+}
 30199 | Shoals:4 | Entered Level 4 of the Shoals
 30329 | Shoals:4 | Got a barnacled rune of Zot
 30387 | Shoals:4 | Noticed Ilsuiw
 30415 | Shoals:4 | Killed Ilsuiw
 31025 | Shoals:4 | Identified the +5 spear "Killer Klown's Bane" {vorpal,
                  | *Corrode rPois rF+}
 31026 | Shoals:4 | Gained mutation: You possess an exceptional clarity of
                  | mind. [Jiyva's grace]
 31026 | Shoals:4 | Gained mutation: You have hidden genetic potential.
                  | [Jiyva's grace]
 31026 | Shoals:4 | Gained mutation: You have great hidden genetic potential.
                  | [Jiyva's grace]
 31026 | Shoals:4 | Gained mutation: Your melee attacks may engulf your foes in
                  | ooze. [Jiyva's grace]
 31747 | Vaults:1 | Entered Level 1 of the Vaults
 31751 | Vaults:1 | Reached skill level 15 in Shields
 31787 | Vaults:1 | Found Nyack's Antique Armour Shoppe.
 32013 | Vaults:1 | Reached skill level 10 in Throwing
 32284 | Vaults:1 | Identified the +2 pair of boots "Xutzuyl" {+Inv rPois}
 32485 | Vaults:1 | Reached XP level 19. HP: 221/221 MP: 18/18
 32696 | Vaults:2 | Found a staircase to the Crypt.
 32815 | Vaults:2 | Noticed Xtahua
 32818 | Vaults:2 | Reached skill level 16 in Unarmed Combat
 32826 | Vaults:2 | Killed Xtahua
 33112 | Vaults:2 | Found a runed translucent door.
 33113 | Vaults:2 | Noticed t4s4d4r's ghost (adept FeSu)
 33132 | Vaults:2 | Killed t4s4d4r's ghost
 33135 | Vaults:2 | Identified the +3 short sword "Yolobob's Peril" {vamp, rN+
                  | Str+2 Dex+3}
 33200 | Vaults:2 | Identified the amulet of Etaf {Spirit *Corrode Dex+6}
 33501 | Vaults:2 | Gained mutation: You are covered in thick fur. (AC +2)
                  | [hidden potential]
 33534 | Vaults:2 | Reached skill level 17 in Unarmed Combat
 33818 | Vaults:2 | HP: 3/221 [war gargoyle/spray of metal splinters[a
                  | peacekeeper] (25)]
 34015 | Vaults:3 | Found a magical portal.
 34029 | WizLab   | Entered Lehudib's Moon Base
 34122 | WizLab   | Lost mutation: You have a pair of large horns on your head.
                  | [Jiyva's grace]
 34122 | WizLab   | Lost mutation: You are agile. (Dex +4, Str/Int -1) [Jiyva's
                  | grace]
 34122 | WizLab   | Lost mutation: You possess an exceptional clarity of mind.
                  | [Jiyva's grace]
 34122 | WizLab   | Lost mutation: You are robust. (+10% HP) [Jiyva's grace]
 34122 | WizLab   | Lost mutation: Armour fits poorly on your large pseudopods.
                  | [Jiyva's grace]
 34122 | WizLab   | Lost mutation: Your melee attacks may engulf your foes in
                  | ooze. [Jiyva's grace]
 34122 | WizLab   | Gained mutation: You have a small jelly attached to you
                  | that may absorb projectiles. [Jiyva's grace]
 34122 | WizLab   | Gained mutation: You have a pair of large horns on your
                  | head. [Jiyva's grace]
 34122 | WizLab   | Lost mutation: You have claws for feet. [Jiyva's grace]
 34122 | WizLab   | Lost mutation: You have razor-sharp toenails. [Jiyva's
                  | grace]
 34122 | WizLab   | Lost mutation: You have sharp toenails. [Jiyva's grace]
 34122 | WizLab   | Gained mutation: You have large cloven feet. [Jiyva's
                  | grace]
 34122 | WizLab   | Gained mutation: You have hoof-like feet. [Jiyva's grace]
 34256 | WizLab   | Reached XP level 20. HP: 210/210 MP: 19/19
 34505 | WizLab   | Identified the +1 pair of gloves of Precision Catastrophes
                  | {rF- rN+ rCorr}
 34552 | WizLab   | Paralysed by accursed screaming for 1 turns
 34619 | WizLab   | Reached skill level 18 in Unarmed Combat
 34699 | WizLab   | Found a transporter.
 34744 | WizLab   | Found a transporter.
 35101 | WizLab   | Identified the amulet "Tamixor" {RegenMP Str+4}
 35290 | Vaults:3 | Identified the +7 spear of Pihoung {vorpal, Contam Will+
                  | MP+9 Dex+6}
 35333 | Vaults:3 | Reached skill level 10 in Armour
 35527 | Vaults:3 | Got the Spellbook of Inconstant Contamination
 35694 | Vaults:3 | Found Ziong's Antique Armour Boutique.
 35863 | Vaults:3 | Lost mutation: You have hoof-like feet. [Jiyva's grace]
 35863 | Vaults:3 | Lost mutation: You have great hidden genetic potential.
                  | [Jiyva's grace]
 35863 | Vaults:3 | Lost mutation: You have a small jelly attached to you that
                  | may absorb projectiles. [Jiyva's grace]
 35863 | Vaults:3 | Gained mutation: You are extremely strong-willed. (Will+++)
                  | [Jiyva's grace]
 35863 | Vaults:3 | Gained mutation: Your melee attacks may engulf your foes in
                  | ooze. [Jiyva's grace]
 35863 | Vaults:3 | Gained mutation: Your body has grown eyes which may confuse
                  | attackers. (Acc +3) [Jiyva's grace]
 35863 | Vaults:3 | Gained mutation: Your body has grown many eyes which may
                  | confuse attackers. (Acc +5) [Jiyva's grace]
 36182 | Vaults:4 | Identified the +7 falchion of True Grit {antimagic, Str+8}
 36210 | Vaults:4 | Gained mutation: You have great hidden genetic potential.
                  | [hidden potential]
 36210 | Vaults:4 | Lost mutation: You have great hidden genetic potential.
                  | [hidden potential expressed]
 36551 | Vaults:4 | Reached skill level 19 in Unarmed Combat
 36824 | Vaults:4 | Found Fanah's Distillery.
 36835 | Vaults:4 | Bought a potion of heal wounds for 65 gold pieces
 36835 | Vaults:4 | Bought 2 potions of might for 104 gold pieces
 36891 | Vaults:4 | Identified the +1 leather armour of the Dropbear {Contam
                  | rElec Int+6 Dex+4}
 37421 | Depths:1 | Entered Level 1 of the Depths
 37460 | Depths:1 | Noticed Asterion
 37515 | Depths:1 | Reached XP level 21. HP: 223/223 MP: 20/20
 37565 | Depths:1 | Killed Asterion
 37599 | Depths:1 | Identified the +6 spear "Nin Enyo" {venom, rElec rPois rF-
                  | Str+7}
 37809 | Depths:1 | Reached skill level 20 in Unarmed Combat
 37849 | Depths:1 | Identified the +0 scale mail of Modesty {rPois rC- Regen+
                  | Stlth+}
 37998 | Depths:1 | Found a hazy altar of Hepliaklqana.
 37998 | Depths:1 | Lost mutation: You have a pair of large horns on your head.
                  | [Jiyva's grace]
 37998 | Depths:1 | Lost mutation: You are extremely strong-willed. (Will+++)
                  | [Jiyva's grace]
 37998 | Depths:1 | Lost mutation: You are covered in slimy tendrils that may
                  | disarm your opponents. [Jiyva's grace]
 37998 | Depths:1 | Lost mutation: Your melee attacks may engulf your foes in
                  | ooze. [Jiyva's grace]
 37998 | Depths:1 | Gained mutation: Armour fits poorly on your large
                  | pseudopods. [Jiyva's grace]
 37998 | Depths:1 | Gained mutation: Armour fits poorly on your massive
                  | pseudopods. [Jiyva's grace]
 37998 | Depths:1 | Gained mutation: Your mind is acute. (Int +4, Str/Dex -1)
                  | [Jiyva's grace]
 37998 | Depths:1 | Gained mutation: Your mind is very acute. (Int +8, Str/Dex
                  | -2) [Jiyva's grace]
 38045 | Depths:1 | Found a gateway to Hell.
 38365 | Depths:2 | Found a one-way gate leading to the halls of Pandemonium.
 38612 | Depths:2 | Reached skill level 5 in Stealth
 38612 | Depths:2 | Gained mutation: You have an increased reservoir of magic.
                  | (+10% MP) [hidden potential]
 38745 | Depths:2 | Found a one-way gate to the infinite horrors of the Abyss.
 38923 | Depths:2 | Found a shimmering altar of Xom.
 39631 | Depths:3 | Noticed Margery
 39645 | Depths:3 | Killed Margery
 39802 | Depths:3 | Found Keco's Book Boutique.
 39833 | Depths:3 | Bought a manual of Shields for 1360 gold pieces
 39910 | Depths:3 | Found a corrupted altar of Lugonu.
 40011 | Depths:3 | You fall into a shaft and drop 1 floor!
 40011 | Depths:4 | Entered Level 4 of the Depths
 40016 | Depths:4 | Reached XP level 22. HP: 237/237 MP: 23/23
 40016 | Depths:4 | Noticed a juggernaut
 40033 | Depths:4 | Killed a juggernaut
 40039 | Depths:4 | Noticed Saint Roka
 40062 | Depths:4 | Killed Saint Roka
 40181 | Depths:4 | Noticed a juggernaut
 40191 | Depths:4 | Killed a juggernaut
 40475 | Depths:4 | Noticed a golden dragon
 40489 | Depths:4 | Killed a golden dragon
 40626 | Depths:4 | Found a gate to the Realm of Zot.
 40659 | Depths:4 | Found a one-way gateway to a ziggurat.
 40674 | Depths:4 | Gained mutation: Your skin changes colour to match your
                  | surroundings (Stealth+). [hidden potential]
 40674 | Depths:4 | Lost mutation: You have hidden genetic potential. [hidden
                  | potential expressed]
 40678 | Depths:4 | Lost mutation: You are covered in thick fur. (AC +2)
                  | [Jiyva's grace]
 40678 | Depths:4 | Lost mutation: You have large cloven feet. [Jiyva's grace]
 40678 | Depths:4 | Gained mutation: You have sharp toenails. [Jiyva's grace]
 40678 | Depths:4 | Gained mutation: You have razor-sharp toenails. [Jiyva's
                  | grace]
 40678 | Depths:4 | Gained mutation: You have claws for feet. [Jiyva's grace]
 40678 | Depths:4 | Gained mutation: Your flesh is cold resistant. (rC+)
                  | [Jiyva's grace]
 41469 | Depths:3 | Noticed a royal mummy
 41475 | Depths:3 | Killed a royal mummy
 41701 | Zot:1    | Entered Level 1 of the Realm of Zot
 41704 | Zot:1    | Noticed a golden dragon
 41762 | Depths:4 | Killed a golden dragon
 41784 | Zot:1    | HP: 8/224 [purple draconian/bolt of dispelling energy[a
                  | yellow draconian annihilator] (15)]
 42535 | Zot:2    | Reached XP level 23. HP: 221/247 MP: 24/24
 43184 | Zot:2    | Lost mutation: You have a pair of horns on your head.
                  | [Jiyva's grace]
 43184 | Zot:2    | Lost mutation: You have claws for feet. [Jiyva's grace]
 43184 | Zot:2    | Lost mutation: Your skin changes colour to match your
                  | surroundings (Stealth+). [Jiyva's grace]
 43184 | Zot:2    | Lost mutation: Your mind is very acute. (Int +8, Str/Dex
                  | -2) [Jiyva's grace]
 43184 | Zot:2    | Lost mutation: You are highly strong-willed. (Will++)
                  | [Jiyva's grace]
 43184 | Zot:2    | Lost mutation: Your body has grown many eyes which may
                  | confuse attackers. (Acc +5) [Jiyva's grace]
 43184 | Zot:2    | Lost mutation: Your body has grown eyes which may confuse
                  | attackers. (Acc +3) [Jiyva's grace]
 43184 | Zot:2    | Lost mutation: Armour fits poorly on your massive
                  | pseudopods. [Jiyva's grace]
 43184 | Zot:2    | Gained mutation: Your flesh is heat resistant. (rF+)
                  | [Jiyva's grace]
 43184 | Zot:2    | Gained mutation: Your flesh is very heat resistant. (rF++)
                  | [Jiyva's grace]
 43184 | Zot:2    | Gained mutation: Your flesh is almost immune to the effects
                  | of heat. (rF+++) [Jiyva's grace]
 43184 | Zot:2    | Gained mutation: You have acidic saliva. [Jiyva's grace]
 44145 | Zot:3    | Identified the +7 whip of Disorder {vorpal, rPois rN+}
 44171 | Zot:3    | Noticed a curse toe
 44172 | Zot:3    | Noticed a curse toe
 44196 | Zot:3    | Killed a curse toe
 44208 | Zot:3    | Killed a curse toe
 44538 | Zot:3    | Reached XP level 24. HP: 256/256 MP: 24/24
 45123 | Orc:2    | Bought an amulet of the acrobat for 360 gold pieces
 45647 | Zot:4    | Noticed a Killer Klown
 45654 | Zot:4    | Killed a Killer Klown
 46659 | Zot:5    | Entered Level 5 of the Realm of Zot
 47085 | Zot:5    | Reached skill level 15 in Armour
 47154 | Zot:5    | Noticed an orb of fire
 47164 | Zot:5    | Gained mutation: You sometimes lose your temper in combat.
                  | [an orb of fire]
 47165 | Zot:5    | Noticed a Killer Klown
 47177 | Zot:4    | Gained mutation: You have an uncontrollable temper. [an orb
                  | of fire]
 47188 | Zot:4    | Killed an orb of fire
 47189 | Zot:4    | Reached XP level 25. HP: 242/265 MP: 24/24
 47233 | Zot:5    | Noticed an orb of fire
 47304 | Zot:4    | Killed an orb of fire
 47321 | Zot:4    | a Killer Klown changed into a rockslime
 47439 | Zot:5    | Noticed a Killer Klown
 47476 | Zot:5    | Killed a Killer Klown
 47511 | Zot:5    | Noticed a dread lich
 47511 | Zot:5    | Noticed a Killer Klown
 47525 | Zot:5    | Killed a dread lich
 47525 | Zot:5    | Noticed a Killer Klown
 47528 | Zot:5    | Killed a Killer Klown
 47533 | Zot:5    | Noticed a Killer Klown
 47539 | Zot:5    | Killed a Killer Klown
 47549 | Zot:5    | Killed a Killer Klown
 47553 | Zot:5    | Noticed an orb of fire
 47566 | Zot:5    | Noticed an orb of fire
 47567 | Zot:5    | Killed an orb of fire
 47575 | Zot:5    | Lost mutation: You have an increased reservoir of magic.
                  | (+10% MP) [an orb of fire]
 47576 | Zot:5    | Killed an orb of fire
 48055 | Zot:5    | Gained mutation: You are weak. (Str -2) [mutagenic glow]
 48219 | Zot:5    | Noticed a Killer Klown
 48236 | Zot:5    | Killed a Killer Klown
 48254 | Zot:5    | Noticed a Killer Klown
 48259 | Zot:5    | Killed a Killer Klown
 48328 | Zot:5    | Lost mutation: You have an uncontrollable temper. [Jiyva's
                  | grace]
 48328 | Zot:5    | Lost mutation: Your mind is acute. (Int +4, Str/Dex -1)
                  | [Jiyva's grace]
 48328 | Zot:5    | Lost mutation: You are weak. (Str -2) [Jiyva's grace]
 48328 | Zot:5    | Lost mutation: Armour fits poorly on your large pseudopods.
                  | [Jiyva's grace]
 48328 | Zot:5    | Lost mutation: You have razor-sharp toenails. [Jiyva's
                  | grace]
 48328 | Zot:5    | Lost mutation: You have sharp toenails. [Jiyva's grace]
 48328 | Zot:5    | Gained mutation: You have large cloven feet. [Jiyva's
                  | grace]
 48328 | Zot:5    | Gained mutation: You have hoof-like feet. [Jiyva's grace]
 48328 | Zot:5    | Gained mutation: You have hooves in place of feet. [Jiyva's
                  | grace]
 48328 | Zot:5    | Gained mutation: Your flesh is very cold resistant. (rC++)
                  | [Jiyva's grace]
 48413 | Zot:5    | Lost mutation: Your flesh is very cold resistant. (rC++)
                  | [potion of mutation]
 48413 | Zot:5    | Lost mutation: You have a pair of small horns on your head.
                  | [potion of mutation]
 48413 | Zot:5    | Lost mutation: You sometimes lose your temper in combat.
                  | [potion of mutation]
 48413 | Zot:5    | Lost mutation: Armour fits poorly on your pseudopods.
                  | [potion of mutation]
 48413 | Zot:5    | Gained mutation: You expend magic power (3 MP) to
                  | strengthen your wands. [potion of mutation]
 48863 | Shoals:3 | Bought a potion of berserk rage for 100 gold pieces
 48863 | Shoals:3 | Bought a potion of might for 80 gold pieces
 48999 | Elf:1    | Entered Level 1 of the Elven Halls
 49054 | Elf:1    | Noticed Jorgrun
 49064 | Elf:1    | Killed Jorgrun
 49251 | Elf:1    | Found a crumbling gateway.
 49255 | Elf:1    | Paralysed by an air elemental for 1 turns
 49334 | Desolati | Entered the Desolation of Salt
 49453 | Desolati | Identified the +7 quick blade of Tutsits {holy, rF+}
 49464 | Desolati | Got the Vellum of the Birds and Transfiguration
 49545 | Desolati | Got the Collected Works on Calorific Terrain
 49549 | Desolati | Identified the amulet of Sif Muna's Hatred {RegenMP Dex+5}
 49778 | Desolati | Identified the +8 trident of the Singing Enemy {venom,
                  | Contam Fly rF+ rCorr}
 49779 | Desolati | Identified the +9 quarterstaff of Destiny {holy, *Noise
                  | +Blink rElec rPois}
 49968 | Desolati | Reached XP level 26. HP: 274/274 MP: 22/22
 50204 | Elf:1    | Got the Anthology of Assistive Battling
 50252 | Elf:1    | Found a runed translucent door.
 50252 | Elf:1    | Noticed nightchill's ghost (journeyman MiFi)
 50252 | Elf:1    | Found the amulet of Vitality {RegenMP++ Regen++}
 50262 | Elf:1    | Killed nightchill's ghost
 50305 | Elf:1    | Lost mutation: You have hooves in place of feet. [Jiyva's
                  | grace]
 50305 | Elf:1    | Lost mutation: Your flesh is cold resistant. (rC+) [Jiyva's
                  | grace]
 50305 | Elf:1    | Lost mutation: Your flesh is almost immune to the effects
                  | of heat. (rF+++) [Jiyva's grace]
 50305 | Elf:1    | Lost mutation: You have acidic saliva. [Jiyva's grace]
 50305 | Elf:1    | Gained mutation: You are partially covered in iridescent
                  | scales. (AC +2) [Jiyva's grace]
 50305 | Elf:1    | Gained mutation: You are mostly covered in iridescent
                  | scales. (AC +4) [Jiyva's grace]
 50305 | Elf:1    | Gained mutation: You are completely covered in iridescent
                  | scales. (AC +6) [Jiyva's grace]
 50305 | Elf:1    | Gained mutation: You are robust. (+10% HP) [Jiyva's grace]
 50306 | Elf:1    | Found Dybal's Armour Emporium.
 50306 | Elf:1    | Noticed Kirke
 50315 | Elf:1    | Killed Kirke
 50388 | Elf:1    | Found Cim Urhy's Self-Improvement Boutique.
 50753 | Elf:2    | Found a runed translucent gate.
 50753 | Elf:2    | Found a runed translucent gate.
 50755 | Elf:2    | Found a runed translucent gate.
 50917 | Elf:2    | Got the Parchment of the Entourage
 51062 | Elf:2    | Identified the +1 cloak of a treasure trove {Will+}
 51254 | Elf:2    | Reached skill level 15 in Dodging
 51563 | Elf:3    | Entered Level 3 of the Elven Halls
 51986 | Elf:3    | Identified the +1 plate armour of Hatafor {Dex+7}
 51994 | Elf:3    | Got the Folio of Despicable Deeds
 52002 | Elf:3    | Identified the +2 cloak of the Mind {rF+ rN+ Dex+3}
 52016 | Elf:3    | Identified the ring of Xoxzyamp {rPois Dex+5 Stlth+}
 52026 | Elf:3    | Got Dispater's Vellum of the Legion
 52039 | Elf:3    | Acquired 916 gold pieces
 52048 | Elf:3    | Identified the ring of Fun {Ice Fly rPois Dex-5 Slay+3}
 52050 | Elf:3    | Identified the +1 pair of gloves of Duty {Slay+2}
 52262 | Elf:3    | Gained mutation: You have hooves in place of feet. [Jiyva's
                  | grace]
 52262 | Elf:3    | Gained mutation: You are resistant to electric shocks.
                  | (rElec) [Jiyva's grace]
 52262 | Elf:3    | Gained mutation: Your body has grown eyes which may confuse
                  | attackers. (Acc +3) [Jiyva's grace]
 52262 | Elf:3    | Gained mutation: Your body has grown many eyes which may
                  | confuse attackers. (Acc +5) [Jiyva's grace]
 52409 | Elf:3    | Found Durph's Armour Boutique.
 52698 | Elf:1    | Bought a manual of Armour for 1120 gold pieces
 53082 | Depths:2 | Voluntarily entered the Abyss.
 53802 | Abyss:2  | Found a corrupted altar of Lugonu.
 53861 | Abyss:2  | Noticed a dread lich
 53868 | Abyss:2  | Killed a dread lich
 53892 | Abyss:2  | Lost mutation: You have hooves in place of feet. [Jiyva's
                  | grace]
 53892 | Abyss:2  | Lost mutation: You are completely covered in iridescent
                  | scales. (AC +6) [Jiyva's grace]
 53892 | Abyss:2  | Lost mutation: You are mostly covered in iridescent scales.
                  | (AC +4) [Jiyva's grace]
 53892 | Abyss:2  | Lost mutation: Your flesh is very heat resistant. (rF++)
                  | [Jiyva's grace]
 53892 | Abyss:2  | Lost mutation: You are resistant to electric shocks.
                  | (rElec) [Jiyva's grace]
 53892 | Abyss:2  | Lost mutation: Your body has grown many eyes which may
                  | confuse attackers. (Acc +5) [Jiyva's grace]
 53892 | Abyss:2  | Lost mutation: Your body has grown eyes which may confuse
                  | attackers. (Acc +3) [Jiyva's grace]
 53892 | Abyss:2  | Lost mutation: You expend magic power (3 MP) to strengthen
                  | your wands. [Jiyva's grace]
 53892 | Abyss:2  | Gained mutation: Your melee attacks may engulf your foes in
                  | ooze. [Jiyva's grace]
 53892 | Abyss:2  | Gained mutation: Your body has grown eyes which may confuse
                  | attackers. (Acc +3) [Jiyva's grace]
 53892 | Abyss:2  | Gained mutation: Your body has grown many eyes which may
                  | confuse attackers. (Acc +5) [Jiyva's grace]
 53892 | Abyss:2  | Gained mutation: Your body is covered in eyes which may
                  | confuse attackers. (Acc +7, SInv) [Jiyva's grace]
 54007 | Abyss:2  | Noticed a dread lich
 54021 | Abyss:2  | Killed a dread lich
 54142 | Abyss:2  | Found a corrupted altar of Lugonu.
 54217 | Abyss:2  | Found a corrupted altar of Lugonu.
 54310 | Abyss:2  | Found a corrupted altar of Lugonu.
 54460 | Abyss:3  | Paralysed by accursed screaming for 1 turns
 54467 | Abyss:3  | Paralysed by accursed screaming for 2 turns
 54499 | Abyss:3  | Got an abyssal rune of Zot
 54508 | Depths:2 | Escaped the Abyss
 54777 | Vaults:5 | Entered Level 5 of the Vaults
 54784 | Vaults:5 | Reached XP level 27. HP: 236/316 MP: 22/22
 55091 | Vaults:5 | Identified the +12 battleaxe of the Onslaught {elec, Will++
                  | SInv}
 55096 | Vaults:5 | Noticed a dread lich
 55110 | Vaults:4 | Killed a dread lich
 55125 | Vaults:5 | Identified the +9 quarterstaff "Cyereafo" {flame, Contam
                  | Will+ Str+3}
 55165 | Vaults:5 | Reached skill level 21 in Unarmed Combat
 55259 | Vaults:5 | Identified the +11 arbalest of the Chickpea {elec, Will+}
 55285 | Vaults:5 | Noticed an ancient lich
 55291 | Vaults:5 | Killed an ancient lich
 55454 | Vaults:5 | Identified the +2 leather armour "Iloul" {Str+5 Dex+3}
 55499 | Vaults:5 | Identified the +3 chain mail of the Stallion {Slay+3
                  | Stlth+}
 55612 | Vaults:5 | Identified the +5 falchion of Wyrd {vorpal, rElec rF++
                  | Dex-4 Stlth-}
 55664 | Vaults:5 | Noticed Bai Suzhen
 55667 | Vaults:5 | Killed Bai Suzhen
 55728 | Vaults:5 | Noticed a dread lich
 55738 | Vaults:5 | Killed a dread lich
 55790 | Vaults:5 | Lost mutation: Your flesh is heat resistant. (rF+) [Jiyva's
                  | grace]
 55790 | Vaults:5 | Gained mutation: You have a small jelly attached to you
                  | that may absorb projectiles. [Jiyva's grace]
 55790 | Vaults:5 | Gained mutation: You have a small jelly attached to you
                  | that senses nearby items. [Jiyva's grace]
 55790 | Vaults:5 | Gained mutation: You are covered in slimy tendrils that may
                  | disarm your opponents. [Jiyva's grace]
 55790 | Vaults:5 | Gained mutation: You have hooves in place of feet. [Jiyva's
                  | grace]
 55864 | Vaults:5 | Got a silver rune of Zot
 56049 | Vaults:5 | Identified the +7 glaive of Immorality {elec, rF+ rN+}
 56109 | Vaults:5 | Identified the +2 pair of gloves "Xeatuwn" {rF++ rN+ Dex-4
                  | SInv}
 56644 | Zot:5    | Got the Orb of Zot
 56760 | Depths:4 | Lost mutation: You are robust. (+10% HP) [a cacodemon]
 56922 | D:10     | Noticed Iggiw the pandemonium lord
 56937 | D:10     | Killed Iggiw the pandemonium lord
 56938 | D:10     | Reached skill level 22 in Unarmed Combat
 57056 | D:5      | Noticed Juph the pandemonium lord
 57058 | D:5      | Noticed an ancient lich
 57079 | D:5      | Killed an ancient lich
 57399 | D:4      | Noticed Enehai the pandemonium lord
 57406 | D:4      | Killed Enehai the pandemonium lord
 58018 | D:1      | Noticed Guiq the pandemonium lord
 58046 | D:1      | Killed Guiq the pandemonium lord
 58100 | D:$      | Escaped with the Orb!

Illustrated notes

Levels and vault maps discovered:
D:1:      sevenhm_arrival_forest_fort_large_2, layout_loops_ring,
          shapermc_ecumenical_altar_flowoftime
D:2:      cheibrodos_greedy_goblins, layout_loops_ring, glass_columns_b
D:3:      wad_lake_hut, layout_basic, mainiacjoe_overflow_big_doors, uniq_robin
D:4:      layout_gridville, mainiacjoe_overflow_chevrons,
          mainiacjoe_overflow_boulevard, minmay_temple_entry_ruins,
          minmay_manual_mail, uniq_eustachio, uniq_pikel, uniq_grinder,
          uniq_edmund
D:5:      layout_loops_ring, kennysheep_path_1, kennysheep_generic_room_15
D:6:      layout_loops_ring, mainiacjoe_overflow_alcove_2,
          kennysheep_generic_room_6
D:7:      layout_cave_pools
D:8:      minmay_recursive_quarters, layout_basic, mainiacjoe_overflow_catwalk,
          enter_bailey_5, uniq_erica
D:9:      layout_basic, lightli_temple_of_fire, uniq_harold, uniq_joseph
D:10:     layout_small_grid, nicolae_overflow_hidden_temple,
          due_lair_maze_entry_diamond, orc_0_dummy, minivault_5,
          kennysheep_small_square
D:11:     layout_irregular_city, uniq_josephine
D:12:     layout_basic, serial_shops, nicolae_shop_stone
D:13:     layout_rooms, david_vaults_1, gammafunk_ghost_ooze,
          kennysheep_treasure_room
D:14:     layout_loops_ring, nicolae_sif_muna_condensation, serial_shops,
          nicolae_square_shop, ashenzari_altar_1
D:15:     hangedman_depths_entry_civil_slaughter, layout_basic,
          minmay_misc_feat_ornament, nzn_wu_jian_contemplation
Temple:   nicolae_temple_x_marks_the_god
Lair:1:   layout_roguey, beast_lair_carwin_8
Lair:2:   mu_elephants_graveyard, layout_loops_ring,
          guppyfry_snake_entry_garden, eino_small_chamber_without_monster
Lair:3:   layout_hall_layers, elwin_shoals_entry_rooms, grunt_megastairs_2,
          infiniplex_staircase_pool_2
Lair:4:   layout_cave_pods, slime_entry_1, lemuel_fruit_tree, grunt_megastairs_5
Lair:5:   minmay_lair_end_frog_pond, layout_hall_layers,
          chequers_serial_rivers_small_b, st_stairs_6
Shoals:1: layout_shoals, uniq_mlioglotl
Shoals:2: gammafunk_sealed_arena, layout_shoals, uniq_polyphemus
Shoals:3: layout_shoals, serial_shops, shop, nicolae_shoals_enchanted_isle,
          uniq_nikola
Shoals:4: shoals_end_simple, layout_shoals, shoals_ilsuiw_alternative
Snake:1:  layout_onion_interference, minmay_snake_pond, minmay_shoptagon,
          grunt_megastairs_4
Snake:2:  layout_rooms, st_stairs_10
Snake:3:  layout_cave_town, uniq_vashnia
Snake:4:  snake_pit_salamanders_mu, layout_cave_town, minmay_shop_grove
Slime:1:  layout_caves
Slime:2:  layout_caves, nicolae_slime_barrier
Slime:3:  layout_caves, basic_altar
Slime:4:  cheibrodos_slime_lost_civilization_9, layout_caves
Slime:5
Orc:1:    layout_diamond_mine
Orc:2:    st_orc_mages, layout_caves, bloody_makhleb
Elf:1:    minmay_elf_arrival_summoners, layout_rooms, serial_shops, shop,
          portal_desolation_entry_salt, gammafunk_ghost_grave,
          minmay_elf_sorcery, nicolae_shop_self_help, uniq_jorgrun, uniq_kirke
Elf:2:    elven_hall_of_blades_hangedman_original [nicolae_blade_lattice],
          layout_loops_corners, minmay_elf_demonology, lemuel_elevator
Elf:3:    minmay_elf_hall_curves, layout_geoelf_diagonals, serial_shops,
          nicolae_diamond_shop, minivault_20
Vaults:1: vaults_mumra_hex, vaults_room_grid, vaults_room_hallway,
          v_alt_pattern_3, vaults_dpeg_emergency_exit, layout_vaults_big_room,
          serial_shops, shop
Vaults:2: gammafunk_ghost_grave, minmay_crypt_entry_simple_walls,
          vaults_standard_mumra_lines, vaults_mumra_minichess_inversion,
          vaults_room_glass_cross, nicolae_vaults_angled_halls,
          hangedman_vaults_nodes, grunt_vaults_hallway_long, v_misc_13,
          nicolae_vaults_ring_of_whatevers, nicolae_vaults_angled_halls,
          layout_vaults_maze_snakey, uniq_xtahua
Vaults:3: mu_enter_wizlab_1, hangedman_vaults_river_flow,
          vaults_mumra_minichess, vaults_room_corners,
          nicolae_vaults_border_crossing, v_misc_10, layout_vaults_omnigrid,
          serial_shops, shop
Vaults:4: v_misc_23, nicolae_vaults_three_branches, nicolae_vaults_puzzle_piece,
          vaults_standard_mumra_x, nicolae_vaults_little_squares_6,
          vaults_room_guarded_vault, ontoclasm_vaults_ring_square, v_misc_12,
          hangedman_vaults_maws, nicolae_vaults_little_squares_2,
          vaults_room_boxed, vaults_room_door_ring,
          nicolae_vaults_little_squares_6, layout_vaults_omnibox, serial_shops,
          nicolae_lakefront_shop
Vaults:5: uniq_bai_suzhen
Depths:1: layout_cave_pools, hell_entry, grunt_decor_arrowhead,
          worldfamousw_hep_ancestral_shrine, serial_bayou_shore_b, uniq_asterion
Depths:2: lemuel_troll_bridge, layout_basic, hangedman_coc_ice_floe,
          xom_teletrap_fun, hangedman_abyss_entry_splay, rand_demon_pan_entry_5,
          grunt_ministairs_7, nrook_mini_backslash, eino_tiny_chamber
Depths:3: lemuel_minitomb, layout_cross, nicolae_concentric_dashed_squares_mild,
          hell_entry, serial_shops, nicolae_shop_crystal,
          abyss_entry_flame_altar, uniq_margery
Depths:4: evilmike_zot_entry_round, layout_basic, enter_ziggurat_e,
          abyss_entry_small_statue_room, hell_entry, serial_bayou_shore_b,
          minmay_fractal_squares_diagonal_5, uniq_saint_roka
Zot:1:    lemuel_draconian_sentries_small, layout_onion_interference,
          uniq_josephina
Zot:2:    kennysheep_ambush_hall, layout_cathedral_of_symmetry,
          guppyfry_library_mini
Zot:3:    layout_onion_interference, st_single_dragon_hoard_1
Zot:4:    grunt_twist_and_shout, layout_onion_interference
Zot:5:    layout_gridlike

Skill      XL: |  1  2  3  4  5  6  7  8  9 10 11 12 13 14 15 16 17 18 19 20 21 22 23 24 25 26 27 |
---------------+----------------------------------------------------------------------------------+-----
Fighting       | 3 4 5 6 7 9 10 11 12 13 15 16 17 18 19 20 | 20.0
Unarmed Combat | 4 5 6 7 8 10 12 15 17 19 20 22 | 22.6
Dodging        | 3 4 8 10 12 13 15 | 15.0
Shields        | 5 9 10 12 15 19 20 | 20.0
Evocations     | 2 5 8 |  8.0
Armour         | 1 7 8 9 10 13 15 18 19 21 | 21.0
Throwing       | 3 7 10 12 14 | 14.4
Stealth        | 7 9 |  9.8

Action                   |  1- 3 |  4- 6 |  7- 9 | 10-12 | 13-15 | 16-18 | 19-21 | 22-24 | 25-27 || total
-------------------------+-------+-------+-------+-------+-------+-------+-------+-------+-------++-------
Melee: Unarmed           |   138 |   131 |   215 |   784 |  1208 |  1186 |  1207 |  1055 |  1793 ||  7717
       Punch             |     2 |     4 |    10 |       |       |       |       |       |       ||    16
       Pseudopods        |       |       |       |     4 |   289 |   311 |   380 |   312 |    77 ||  1373
       Scimitar          |       |       |       |       |     5 |       |       |       |       ||     5
       Flail             |       |       |       |       |    10 |       |       |       |       ||    10
       Headbutt          |       |       |       |       |       |   256 |   421 |   341 |    76 ||  1094
       Kick              |       |       |       |       |       |   225 |   660 |   563 |   763 ||  2211
       Bite              |       |       |       |       |       |       |       |    77 |   115 ||   192
Throw: Dart              |       |       |     7 |     2 |     4 |       |       |       |       ||    13
       Large rock        |       |       |       |       |       |    14 |     4 |    11 |     8 ||    37
       Boomerang         |       |       |       |       |       |     1 |       |       |       ||     1
Invok: Oozemancy         |       |       |       |       |     1 |       |       |     1 |       ||     2
Evoke: Wand              |       |       |       |     5 |    16 |       |       |     7 |     9 ||    37
       Phantom mirror    |       |       |       |     1 |     1 |       |       |       |       ||     2
       Phial of floods   |       |       |       |       |       |     1 |       |       |       ||     1
  Use: Scroll            |     1 |     5 |     8 |     8 |    12 |     1 |       |    10 |     6 ||    51
       Potion            |       |     1 |     1 |       |     3 |       |     1 |     4 |     2 ||    12
 Stab: Sleeping          |     3 |     1 |     1 |       |     2 |     4 |     6 |    11 |    19 ||    47
       Distracted        |       |       |       |       |     2 |     2 |     3 |     6 |    20 ||    33
       Confused          |       |       |       |       |       |       |    22 |    22 |    28 ||    72
       Paralysed         |       |       |       |       |       |       |     1 |       |     2 ||     3
       Invisible         |       |       |       |       |       |       |       |       |     3 ||     3
Armor: Robe              |    35 |    24 |    28 |       |       |       |       |       |       ||    87
       Steam dragon scal |       |       |    30 |   250 |    96 |       |       |       |       ||   376
       Troll leather arm |       |       |       |       |   204 |    82 |   110 |   101 |       ||   497
       Shadow dragon sca |       |       |       |       |       |       |       |    37 |   362 ||   399
       Skin              |       |       |       |       |       |       |       |       |     1 ||     1
Dodge: Dodged            |    54 |    57 |   101 |   287 |   543 |   508 |   457 |   433 |   794 ||  3234
       Repelled          |       |       |       |       |    17 |    31 |    13 |    32 |    24 ||   117
Block: Kite shield       |       |       |       |   397 |   923 |   403 |       |       |       ||  1723
       Reflection        |       |       |       |    14 |    45 |   138 |    68 |    31 |    70 ||   366
       Tower shield      |       |       |       |       |       |   820 |  1369 |  1015 |  1629 ||  4833
